 Dungeon Crawl Stone Soup version 0.25-a0-413-g3b4b6a4ccc (webtiles) character file.

Game seed: 6869131911960808411, levelgen mode: deterministic

12865 Borgoz the Fighter (level 12, 0/79 HPs)
             Began as a Gargoyle Berserker on Jan 17, 2020.
             Was an Elder of Trog.
             Slain by a freezing wraith (3 damage)
             ... led by a death knight
             ... on level 11 of the Dungeon.
             The game lasted 00:20:20 (11015 turns).

Borgoz the Fighter (Gargoyle Berserker)            Turns: 11015, Time: 00:20:21

Health: 0/79       AC: 23    Str: 23    XL:     12   Next: 0%
Magic:  12/12      EV: 15    Int:  9    God:    Trog [****..]
Gold:   674        SH:  0    Dex: 14    Spells: 11/11 levels left

rFire    . . .     SeeInvis .   J - +3 morningstar
rCold    . . .     Gourm    +   (no shield)
rNeg     + . .     Faith    .   I - +1 scale mail of Shielding {Dex+3}
rPois    ∞         Spirit   .   z - +0 helmet
rElec    +         Reflect  .   K - +0 cloak
rCorr    .         Harm     .   B - +0 pair of gloves
MR       .....                  (no boots)
Stlth    ..........             n - amulet of the gourmand
HPRegen  0.23/turn              C - +3 ring of slaying
MPRegen  0.13/turn              (no ring)

@: about to teleport, berserk cooldown, slowed, very slow
A: negative energy resistance 1, electricity resistance, unbreathing,
petrification resistance, rot immunity, AC +8
a: Berserk, Trog's Hand, Brothers in Arms, Renounce Religion


You were on level 11 of the Dungeon.
You worshipped Trog.
Trog was greatly pleased with you.
You were very full.

You visited 1 branch of the dungeon, and saw 11 of its levels.
You also visited: Sewer.

You collected 674 gold pieces.

Inventory:

Hand Weapons
 J - a +3 morningstar (weapon)
Armour
 z - a +0 helmet (worn)
 B - a +0 pair of gloves (worn)
 I - the +1 scale mail of Shielding (worn) {Dex+3}
   (You found it on level 10 of the Dungeon)

   It affects your dexterity (+3).
 K - a +0 cloak (worn)
Jewellery
 m - an uncursed ring of fire
 n - an amulet of the gourmand (around neck)
 A - an uncursed ring of ice
 C - a +3 ring of slaying (left hand)
Wands
 x - a wand of digging (6)
 E - a wand of paralysis (5)
 F - a wand of iceblast (16)
Scrolls
 a - 3 scrolls of identify
 d - a scroll of fear
 g - 2 scrolls of immolation {unknown}
 k - 3 scrolls of magic mapping {unknown}
 l - 6 scrolls of remove curse
 p - 2 scrolls of amnesia {unknown}
 q - 2 scrolls of enchant weapon {unknown}
 r - 6 scrolls of teleportation
 u - a scroll of blinking {unknown}
 v - a scroll of noise {unknown}
 G - a scroll of random uselessness {unknown}
 H - a scroll of torment {unknown}
Potions
 b - a potion of agility
 e - 2 potions of haste {unknown}
 f - 3 potions of heal wounds
 h - 4 potions of flight
 i - 2 potions of brilliance {unknown}
 j - a potion of mutation
 o - 4 potions of curing
 s - 4 potions of might
 t - a potion of berserk rage
 w - 3 potions of cancellation
Comestibles
 c - 19 rations
 D - 36 chunks of flesh


   Skills:
 + Level 10.7 Fighting
 * Level 10.1 Maces & Flails
 + Level 10.4 Armour
 * Level 8.2 Dodging
 + Level 0.8 Evocations


You had 11 spell levels left.
You didn't know any spells.
Your spell library was empty.

Dungeon Overview and Level Annotations

Branches:
Dungeon (11/15)            Temple (0/1) D:6            Lair (0/6) D:8
    Orc (0/2) D:9           Sewer (visited)

Altars:
Fedhas
Gozag
Okawaru
Qazlal
Sif Muna
Wu Jian
Xom
Yredelemnul
The Shining One

Shops:
D:5 !

Annotations:
D:7 sankara's ghost, novice HONe


Innate Abilities, Weirdness & Mutations

You are resistant to torment.
Your stone body is resilient. (AC +8)
You are immune to poison.
You resist negative energy. (rN+)
You are resistant to electric shocks. (rElec)
You can survive without breathing.
You are immune to petrification.
You are immune to rotting.


Message History

The death knight's dark mirror aura disappears.
You see here a yak skeleton.
You feel your anger nearly subside.
You are no longer berserk.
You are exhausted.
You feel yourself slow down.
Okay, then.
As you read the scroll of fear, it crumbles to dust.
You assume a fearsome visage.
The death knight resists with some effort.
The freezing wraith is unaffected.
The skeletal warrior is unaffected.
The freezing wraith is unaffected.
The death knight completely misses you.
The death knight hits you from afar with a +3 glaive!!
* * * LOW HITPOINT WARNING * * *
As you read the scroll of teleportation, it crumbles to dust.
You feel strangely unstable.
The freezing wraith hits you but does no damage. x2
The death knight hits you from afar with a +3 glaive!
* * * LOW HITPOINT WARNING * * *
The freezing wraith hits you.
You die...

.......)(.........÷)......#.
........()....÷...÷)÷.......
........)(.........÷##......
#...#....(.........## .#....
....##.....(.......# .##...
... #........z....## . ...
###. #...)....p.....# . ..
#..####.......W.....##
#....#...(..@W........
###.##...(.............
#.......(.†...........
##.#....(.............
#.#..................
##......).)..........
#.....<.........#...
#...............#...
###..##.............


You could see a death knight, a skeletal warrior and 2 freezing wraiths.

Vanquished Creatures
  An unseen horror (D:11)
  Pikel (D:9)
  A phantasmal warrior (D:11)
  A manticore (D:11)
  A moth of wrath (D:7)
  A troll (D:11)
  2 hornets
  A hippogriff (D:6)
  A wraith (D:10)
  10 yaks
  Grum (D:9)
  4 hungry ghosts
  A water moccasin (D:7)
  3 porcupines (D:8)
  7 orc warriors
  A hornet zombie (D:10)
  An eye of draining (D:10)
  An ice beast (D:5)
  3 phantoms
  2 sky beasts
  4 slaves (D:9)
  4 black bears
  4 wolves (D:9)
  2 necrophages (D:7)
  9 ogres
  2 centaurs (D:11)
  A big kobold (D:9)
  8 bullfrogs
  A wyvern skeleton (D:7)
  6 scorpions
  6 killer bees
  6 howler monkeys
  An electric eel (D:8)
  4 wights (D:10)
  2 centaur zombies
  2 crimson imps
  A jelly (D:11)
  2 bullfrog skeletons
  16 orc wizards
  5 centaur skeletons
  12 orc priests
  7 hounds
  An iguana (D:9)
  5 worker ants
  3 hound zombies
  2 hound skeletons
  A worker ant zombie (D:7)
  9 gnolls
  A river rat (D:3)
  9 adders
  5 shadow imps
  2 oozes
  An adder zombie (D:7)
  2 adder skeletons
  5 worms
  8 leopard geckos
  51 orcs
  12 bats
  7 giant cockroaches
  4 goblins
  9 hobgoblins
  15 jackals
  13 kobolds
  4 quokkas
  6 ball pythons
  8 frilled lizards
  2 leopard gecko skeletons
  11 rats
  A fungus (D:8)
  3 plants (Sewer)
349 creatures vanquished.

Vanquished Creatures (others)
  Maurice (D:9)
  2 orcs (D:11)
  9 fungi (D:8)
  2 plants (D:8)
14 creatures vanquished.

Grand Total: 363 creatures vanquished

Notes
Turn   | Place    | Note
-------+----------+-------------------------------------------
     0 | D:1      | Borgoz the Gargoyle Berserker began the quest for the Orb.
     0 | D:1      | Reached XP level 1. HP: 14/14 MP: 1/1
   115 | D:1      | Reached XP level 2. HP: 13/19 MP: 2/2
   605 | D:1      | Reached ** piety under Trog
   623 | D:1      | Reached XP level 3. HP: 23/23 MP: 3/3
  1087 | D:2      | Found a blossoming altar of Fedhas.
  1118 | D:2      | Reached XP level 4. HP: 29/29 MP: 4/4
  1496 | D:3      | Reached XP level 5. HP: 27/33 MP: 5/5
  1526 | D:3      | Reached *** piety under Trog
  1701 | D:3      | Found a glowing drain.
  1708 | Sewer    | Entered a sewer
  2843 | D:3      | Reached XP level 6. HP: 20/39 MP: 6/6
  3332 | D:3      | Noticed a hungry ghost
  3345 | D:3      | Killed a hungry ghost
  3345 | D:3      | Reached **** piety under Trog
  3345 | D:3      | Reached skill level 5 in Fighting
  3345 | D:3      | Reached XP level 7. HP: 40/44 MP: 7/7
  3553 | D:4      | Found a shimmering altar of Xom.
  3685 | D:4      | HP: 2/44 [ogre/cursed -2 giant club (9)]
  3701 | D:4      | Reached skill level 5 in Maces & Flails
  3702 | D:4      | Reached skill level 5 in Armour
  3854 | D:4      | Reached XP level 8. HP: 51/51 MP: 8/8
  4044 | D:4      | Found a glowing golden altar of the Shining One.
  4129 | D:4      | Found a stormy altar of Qazlal.
  4205 | D:4      | Found a basalt altar of Yredelemnul.
  4207 | D:4      | Found an ornate altar of the Wu Jian Council.
  4413 | D:5      | Entered Level 5 of the Dungeon
  4484 | D:5      | Found an opulent altar of Gozag.
  4592 | D:5      | Found a shimmering altar of Xom.
  4838 | D:5      | Found a shimmering altar of Xom.
  4840 | D:5      | Found a shimmering altar of Xom.
  4842 | D:5      | Found a shimmering altar of Xom.
  4843 | D:5      | Found a shimmering altar of Xom.
  5124 | D:5      | Found Kioquakk's Distillery.
  5201 | D:5      | Found an iron altar of Okawaru.
  5255 | D:6      | Found a staircase to the Ecumenical Temple.
  5421 | D:6      | Noticed a hippogriff
  5432 | D:6      | Killed a hippogriff
  5486 | D:6      | Reached XP level 9. HP: 44/56 MP: 9/9
  5866 | D:7      | Reached skill level 5 in Dodging
  5914 | D:7      | Found a transporter.
  5938 | D:7      | Noticed sankara's ghost (novice HONe)
  5944 | D:7      | Noticed a moth of wrath
  5944 | D:7      | Found a transporter.
  5948 | D:7      | Noticed a hornet
  5949 | D:7      | Killed a moth of wrath
  5981 | D:7      | Found a shimmering blue altar of Sif Muna.
  6736 | D:7      | Killed a hornet
  6799 | D:7      | Reached XP level 10. HP: 33/64 MP: 10/10
  7656 | D:8      | Reached ***** piety under Trog
  7656 | D:8      | Received a gift from Trog
  7703 | D:8      | Found a staircase to the Lair.
  8457 | D:9      | Found a staircase to the Orcish Mines.
  8500 | D:9      | Noticed Grum
  8530 | D:9      | Killed Grum
  8755 | D:9      | Noticed Maurice
  8767 | D:9      | Paralysed by Maurice for 5 turns
  8799 | D:9      | Killed Maurice
  8799 | D:9      | Reached XP level 11. HP: 57/71 MP: 11/11
  9418 | D:9      | Noticed Pikel
  9482 | D:9      | Killed Pikel
  9482 | D:9      | Reached skill level 10 in Fighting
  9806 | D:10     | Entered Level 10 of the Dungeon
  9817 | D:10     | Received a gift from Trog
 10049 | D:10     | Got a spiked scale mail
 10061 | D:10     | Identified the +1 scale mail of Shielding {Dex+3} (You
                  | found it on level 10 of the Dungeon)
 10556 | D:11     | Reached skill level 10 in Armour
 10560 | D:11     | Noticed a phantasmal warrior
 10561 | D:11     | Noticed a death knight
 10564 | D:11     | Noticed a skeletal warrior
 10565 | D:11     | Noticed a manticore
 10785 | D:11     | Killed an unseen horror
 10980 | D:11     | Killed a manticore
 10980 | D:11     | Reached skill level 10 in Maces & Flails
 11004 | D:11     | Killed a phantasmal warrior
 11004 | D:11     | Reached XP level 12. HP: 58/79 MP: 12/12
 11015 | D:11     | HP: 3/79 [death knight/+3 glaive (15)]
 11015 | D:11     | Slain by a freezing wraith

Levels and vault maps discovered:
D:1:      eino_arrival_tree_alley, layout_basic, minmay_pentomino_v4
D:2:      layout_rooms, fedhas_altar_1, minmay_misc_feat_nine_boxes,
          minmay_lizard_pond
D:3:      layout_rooms, gup_sewer_entry_bubbles, nrook_loot_triangle
D:4:      layout_loops_ring, xom_butterflies, nicolae_overflow_hidden_temple,
          kennysheep_mini, roderic_roman_lattice
D:5:      layout_loops_ring, overflow_temple_1_default,
          lemuel_coloured_pillars_altar, serial_shops, shop, first_ration,
          xom_redecorated
D:6:      layout_basic, minmay_temple_entry_mini_moons, kennysheep_path_1
D:7:      layout_loops_ring, nicolae_overflow_crystal_walls,
          gammafunk_ghost_berserking_beasts
D:8:      layout_rooms, due_lair_maze_entry_diamond, kennysheep_minor_cross,
          minivault_19
D:9:      layout_basic, david_orc_4, uniq_grum, uniq_pikel, uniq_maurice
D:10:     layout_loops_ring
D:11:     layout_cave_pools

Skill      XL: |  1  2  3  4  5  6  7  8  9 10 11 |
---------------+----------------------------------+-----
Dodging        | 2 3 4 5 7 8 |  8.2
Armour         | 3 4 5 6 7 9 10 | 10.4
Fighting       | 4 5 6 8 9 10 | 10.7
Maces & Flails | 4 5 6 7 8 10 | 10.1
Evocations     | |  0.8

Action                   |  1- 3 |  4- 6 |  7- 9 | 10-12 || total
-------------------------+-------+-------+-------+-------++-------
Melee: Mace              |   137 |   399 |       |       ||   536
       Flail             |       |     9 |   389 |   566 ||   964
       Morningstar       |       |       |       |    51 ||    51
Invok: Berserk           |     1 |     1 |     4 |     8 ||    14
       Trog's Hand       |       |     1 |     2 |     3 ||     6
Evoke: Wand              |       |       |       |     4 ||     4
  Use: Scroll            |       |     1 |     9 |     6 ||    16
       Potion            |       |       |     2 |     2 ||     4
 Stab: Paralysed         |       |       |       |     3 ||     3
  Eat: Chunk             |     1 |    22 |    29 |    31 ||    83
       Ration            |       |       |     3 |       ||     3
Armor: Animal skin       |     7 |       |       |       ||     7
       Ring mail         |    85 |   222 |    24 |       ||   331
       Scale mail        |       |       |   203 |   425 ||   628
Dodge: Dodged            |   117 |   301 |   279 |   488 ||  1185

Table legend:
 A = Non-vault XP
 B = Vault XP
 C = Vault XP percentage of total XP
 D = Non-vault monster count
 E = Vault monster count
 F = Vault count percentage of total count
                 A         B        C        D         E       F
            +---------+---------+-------+---------+---------+-------
      Total |   13689 |    4690 |  25.5 |     265 |      77 |  22.5
            +---------+---------+-------+---------+---------+-------
        D:1 |      45 |       6 |  11.8 |      25 |       4 |  13.8
        D:2 |     102 |       4 |   3.8 |      16 |       4 |  20.0
        D:3 |     363 |      27 |   6.9 |      25 |       7 |  21.9
        D:4 |     687 |       0 |   0.0 |      21 |       0 |   0.0
        D:5 |     555 |       0 |   0.0 |      21 |       0 |   0.0
        D:6 |     614 |       0 |   0.0 |       9 |       0 |   0.0
        D:7 |    1542 |    1017 |  39.7 |      37 |       4 |   9.8
        D:8 |    1148 |    1159 |  50.2 |      25 |      12 |  32.4
        D:9 |    1851 |    2389 |  56.3 |      23 |      21 |  47.7
       D:10 |    1752 |       0 |   0.0 |      22 |       0 |   0.0
       D:11 |    5030 |       0 |   0.0 |      41 |       0 |   0.0
      Sewer |       0 |      88 | 100.0 |       0 |      25 | 100.0
            +---------+---------+-------+---------+---------+-------
